 Seeded DCSS version 0.31-a0-564-g3b7de120b3 (webtiles) character file.

Game seed: 16161720884980326079 (custom seed)

303 innerfire43 the Changeling (level 6, 0/40 HPs)
             Began as a Djinni Shapeshifter on Aug 17, 2023.
             Was a High Priest of Ignis.
             Slain by a troll (3 damage)
             ... on level 5 of the Dungeon.
             The game lasted 00:04:37 (3698 turns).

innerfire43 the Changeling (Djinni Shapeshifter)    Turns: 3698, Time: 00:04:37

Health: 0/40       AC: 11    Str: 14    XL:     6   Next: 65%
Gold:   140        EV: 11    Int: 11    God:    Ignis [*****.] SH:  0 Dex: 18

rFire   + +          +
                       - Unarmed
rCold   x x .        (shield currently unavailable)
rNeg    . . .        p - +1 ring mail {Will+}
rPois   ∞            o - +2 helmet "Paunutas" {rC- Will++ Dex+4 SInv}
rElec   .            f - +1 cloak
rCorr   .            (no gloves)
SInv    +            (boots unavailable)
Will    +++..        j - amulet of faith
Stlth   +            (no ring)
HPRegen 0.26/turn    (no ring)
MPRegen 0.00/turn

%: faith, infuse magic (-1 HP)
@: flux-form, flying, glowing
A: glow, contaminating, flying, reduced hp, sickness immunity, fire resistance
2, cold vulnerability 1, float, innate caster, HP casting, extra vitality 1
a: Begin Untransformation, Renounce Religion, Fiery Armour, Foxfire Swarm,
Rising Flame


You were on level 5 of the Dungeon.
You worshipped Ignis.
Ignis was extremely pleased with you.
You were something dangerously unstable.
You visited 1 branch of the dungeon, and saw 5 of its levels.

You collected 257 gold pieces.
You spent 117 gold pieces at shops.

Inventory:

Hand Weapons
 n - a +4 club
Missiles
 m - a throwing net
Armour
 a - a +0 animal skin
 f - a +1 cloak (worn)
 o - the +2 helmet "Paunutas" (worn) {rC- Will++ Dex+4 SInv}
   (You took it off Robin on level 2 of the Dungeon)

   Dex+4:     It affects your dexterity (+4).
   rC-:       It makes you vulnerable to cold.
   Will++:    It greatly increases your willpower.
   SInv:      It lets you see invisible.
 p - a +1 ring mail of willpower (worn)
Jewellery
 j - an amulet of faith (around neck)
Talismans
 c - a beast talisman
 d - a flux talisman (active)
Wands
 r - a wand of flame (18)
 v - a wand of iceblast (4)
Scrolls
 e - a scroll of brand weapon {unknown}
 g - 2 scrolls of silence {unknown}
 l - a scroll of fog {unknown}
 q - a scroll of poison {unknown}
 s - a scroll of identify {unknown}
 u - a scroll of immolation {unknown}
 w - 3 scrolls of teleportation {unknown}
Potions
 b - a potion of lignification
 h - a potion of haste {unknown}
 i - a potion of ambrosia {unknown}
 k - a potion of attraction {unknown}
 t - a potion of curing


   Skills:
 - Level 1.0 Fighting
 - Level 2.1 Dodging
 - Level 3.0 Unarmed Combat
 + Level 5.5 Shapeshifting


You knew the following spells:

 Your Spells              Type           Power      Damage    Failure   Level
a - Magic Dart            Conj           0%         1d3       58%         1
b - Searing Ray           Conj           0%         2d4       73%         2
Your spell library was empty.

Dungeon Overview and Level Annotations

Branches:
Dungeon (5/15)
 Temple: D:4-7

Altars:
Makhleb
Nemelex Xobeh
Ignis

Shops:
D:4 !


Innate Abilities, Weirdness & Mutations

You are something dangerously unstable.
You glow with magical radiation, making you easy to see and hit.
Foes you strike become dangerously contaminated with magical radiation.
You are flying.
Your maximum health is decreased, since you lack skill for your form.
You are incapable of wielding weapons or throwing items.
You are immune to sickness and miasma.
You are immune to poison.
Your flesh is very heat resistant. (rF++)
You are vulnerable to cold. (rC-)
You float through the air rather than walking.
You learn spells naturally, not from books.
Your magical power is your life essence.
You have superior vitality. (+4 MHP)


Message History

The troll completely misses you. The troll closely misses you.
Unknown command.
You feel better. The troll closely misses you. The troll claws you.
* * * LOW HITPOINT WARNING * * *
The troll claws you but does no damage.
An orc comes into view. It is wielding a +0 hand axe.
The orc shouts!
You hit the troll but do no damage.
The troll shudders as magic cascades through it!
The troll twists and deforms.
The troll is lightly wounded.
You hear a shout!
The troll bites you but does no damage. The troll claws you.
* * * LOW HITPOINT WARNING * * *
The troll barely misses you.
You feel better. The troll bites you but does no damage.
The troll closely misses you. The troll claws you.
You hit the troll.
The troll begins to glow.
The troll is lightly wounded.
The troll barely misses you. x2; The troll claws you but does no damage.
You hit the troll.
The troll glows dangerously bright.
The troll is lightly wounded.
The troll barely misses you. The troll closely misses you. x2
You hit the troll.
The troll shudders as magic cascades through it!
The troll twists and deforms.
The troll is heavily wounded.
The troll barely misses you. The troll claws you but does no damage.
The troll barely misses you.
You hit the troll.
The troll begins to glow.
The troll is heavily wounded.
The troll bites you!
* * * LOW HITPOINT WARNING * * *
The troll claws you but does no damage. The troll closely misses you.
You barely miss the troll.
The troll is heavily wounded.
The troll bites you but does no damage. The troll claws you.
* * * LOW HITPOINT WARNING * * *
The troll claws you.
You die...

#..# #..# #..# #..#
##..#### <..... #.####..#
#####.oTB...#
.....#####.## #.#
###...####.
##.#####.#####..........#
...............#...####..
.# .#####.########.##
......##.# #.#
#(##.##<########.#
####..#............>#


You could see a troll (contam, misshapen) and an orc.

Vanquished Creatures
  Crazy Yiuf (D:2)
  Jessica (D:2)
  An iguana (D:4)
  Terence (D:2)
  A sleepcap (D:4)
  Robin (D:2)
  4 adders
  A white imp (D:5)
  2 ufetubi (D:4)
  3 worms (D:2)
  2 dart slugs
  9 orcs
  A bat (D:3)
  3 endoplasms
  2 giant cockroaches
  20 goblins
  10 hobgoblins
  4 jackals (D:4)
  9 kobolds
  2 quokkas
  5 ball pythons
  3 frilled lizards
  3 rats
89 creatures vanquished.

Notes
Turn   | Place    | Note
-------+----------+-------------------------------------------
     0 | D:1      | innerfire43 the Djinni Shapeshifter began the quest for the
                  | Orb.
     0 | D:1      | Reached XP level 1. HP: 17/17 MP: 0/0
   154 | D:1      | Found a faded altar of an unknown god.
   157 | D:1      | Reached skill level 3 in Shapeshifting
   202 | D:1      | Reached XP level 2. HP: 22/22 MP: 0/0
   205 | D:1      | Prayed at the altar of an unknown god.
   205 | D:1      | Became a worshipper of Ignis, the Dying Flame
   613 | D:2      | Reached XP level 3. HP: 20/27 MP: 0/0
   613 | D:2      | Learned a level 1 spell: Magic Dart
   747 | D:2      | Noticed Terence
   760 | D:2      | Killed Terence
   761 | D:2      | Reached XP level 4. HP: 14/32 MP: 0/0
   857 | D:2      | Identified the +2 helmet "Paunutas" {rC- Will++ Dex+4 SInv}
   857 | D:2      | Noticed Robin
   862 | D:2      | Reached skill level 4 in Shapeshifting
   879 | D:2      | Killed Robin
  1154 | D:2      | Reached XP level 5. HP: 34/37 MP: 0/0
  1154 | D:2      | Learned a level 2 spell: Searing Ray
  1213 | D:2      | Noticed Jessica
  1219 | D:2      | Killed Jessica
  1465 | D:2      | Found a runed translucent door.
  1466 | D:2      | Noticed Crazy Yiuf
  1475 | D:2      | Killed Crazy Yiuf
  1899 | D:3      | Reached XP level 6. HP: 42/42 MP: 0/0
  1928 | D:3      | Reached skill level 5 in Shapeshifting
  2013 | D:3      | Identified the +5 dagger of the King {flame, Fly rC+++
                  | Str-5 Dex-4}
  2568 | D:4      | Found Quem's Distillery.
  2573 | D:4      | Bought a potion of curing for 39 gold pieces
  2573 | D:4      | Bought a potion of curing for 39 gold pieces
  2573 | D:4      | Bought a potion of curing for 39 gold pieces
  2903 | D:4      | Found a sand-covered staircase.
  2970 | D:4      | Found a burning altar of Makhleb.
  3518 | D:5      | Entered Level 5 of the Dungeon
  3609 | D:5      | Found a sparkling altar of Nemelex Xobeh.
  3684 | D:5      | Noticed a troll
  3690 | D:5      | HP: 2/40 [troll (14)]
  3698 | D:5      | Slain by a troll

Illustrated notes

Levels and vault maps discovered:
D:1:      nzn_arrival_settlement, layout_rooms,
          shapermc_ecumenical_altar_starsandcircs
D:2:      layout_basic, feat_on_display, uniq_jessica, uniq_robin,
          uniq_crazy_yiuf_cottage, uniq_terence
D:3:      layout_rooms, interstate_on_off, guppyfry_early_orc_mine
D:4:      layout_cave_pods, gammafunk_temple_overflow_wave, enter_ossuary_1,
          serial_shops, kennysheep_little_box
D:5:      layout_loops_ring, amcnicky_altar_gilded

Skill      XL: |  1  2  3  4  5  6 |
---------------+-------------------+-----
Shapeshifting  | 3 4 5 |  5.5
Fighting       | |  1.0
Dodging        | |  2.1
Unarmed Combat | |  3.0

Action                     |  1- 3 |  4- 6 || total
---------------------------+-------+-------++-------
  Melee: Unarmed           |    65 |   218 ||   283
         Punch             |     2 |     3 ||     5
 Invoke: Fiery Armour      |     1 |     1 ||     2
    Use: Potion            |       |     4 ||     4
   Stab: Sleeping          |       |     2 ||     2
 Armour: Animal skin       |    14 |    15 ||    29
         Ring mail         |       |   108 ||   108
  Dodge: Dodged            |    37 |   167 ||   204
   Form: Flux              |       |     1 ||     1

Table legend: (Time is in decaauts)
 A = Elapsed time spent in this place.
 B = Non-inter-level travel time spent in this place.
 C = Inter-level travel time spent in this place.
 D = Time resting spent in this place.
 E = Time spent auto-exploring this place.
 F = Levels seen in this place.
 G = Mean time per level.
                   A        B        C        D        E       F      G
               +--------+--------+--------+--------+--------+-----+--------+
         Total |   3682 |   3342 |    340 |      0 |   2761 |   5 |  736.4 |
       Dungeon |   3682 |   3342 |    340 |      0 |   2761 |   5 |  736.4 |
               +--------+--------+--------+--------+--------+-----+--------+

Top non-repeatable levels by time:
     D:4: 1159 daAuts
     D:2: 1060 daAuts
     D:3: 705 daAuts
     D:1: 577 daAuts
     D:5: 179 daAuts
